 Dungeon Crawl Stone Soup version 0.21.1-1-g345015f (console) character file.

184 fly the Chiller (level 5, -5/31 HPs)
             Began as a Halfling Ice Elementalist on May 5, 2018.
             Slain by an orc
             ... wielding a +0 flail
              (7 damage)
             ... on level 4 of the Dungeon.
             The game lasted 00:05:38 (3343 turns).

fly the Chiller (Halfling Ice Elementalist)         Turns: 3343, Time: 00:05:39

Health: -5/31      AC:  6    Str:  9    XL:     5   Next: 96%
Magic:  2/9        EV: 15    Int: 14    God:
Gold:   146        SH:  0    Dex: 15    Spells: 6/10 levels left

rFire    . . .     SeeInvis .   a - +2 whip (freeze)
rCold    . . .     Gourm    .   (shield restricted)
rNeg     . . .     Faith    .   y - +0 robe
rPois    .         Spirit   .   (no helmet)
rElec    .         Reflect  .   (no cloak)
rCorr    .         Harm     .   r - +0 pair of gloves
MR       .....                  (no boots)
Stlth    ++........             (no amulet)
HPRegen  0.10/turn              n - +3 ring of protection
MPRegen  0.11/turn              (no ring)

@: no status effects
A: small, mutation resistance 1
a: no special abilities


You were on level 4 of the Dungeon.
You were hungry.

You visited 1 branch of the dungeon, and saw 4 of its levels.

You collected 146 gold pieces.

Inventory:

Hand Weapons
 a - a +2 whip of freezing (weapon)
Armour
 r - a +0 pair of gloves (worn)
 y - a +0 robe (worn)
Jewellery
 n - a +3 ring of protection (left hand)
Wands
 p - a wand of digging (15)
Scrolls
 h - 2 scrolls of identify {unknown}
 i - a scroll of teleportation {unknown}
 k - 4 scrolls of remove curse {unknown}
 l - a scroll of amnesia {unknown}
 m - a scroll of blinking {unknown}
 q - a scroll of random uselessness {unknown}
 s - a scroll of enchant weapon {unknown}
Potions
 d - 2 potions of curing {unknown}
 e - a potion of might {unknown}
 f - a potion of cancellation {unknown}
 g - 2 potions of mutation {unknown}
 j - a potion of magic {unknown}
Books
 b - a book of Frost

   Spells                             Type                      Level
   a - Freeze                         Ice                          1
   b - Throw Frost                    Conjuration/Ice              2
   c - Ozocubu's Armour               Charms/Ice                   3
   d - Throw Icicle                   Conjuration/Ice              4
   e - Summon Ice Beast               Ice/Summoning                4
Comestibles
 c - 6 rations


   Skills:
 + Level 2.9 Dodging
 - Level 2.1 Stealth
 - Level 3.0 Spellcasting
   Level 0.7 Conjurations
 - Level 4.7 Ice Magic


You had 6 spell levels left.
You knew the following spells:

 Your Spells              Type           Power        Failure   Level  Hunger
f - Ozocubu's Armour      Chrm/Ice       #.......     24%         3    ###....
z - Freeze                Ice            ###.         3%          1    #......


Dungeon Overview and Level Annotations

Branches:
Dungeon (4/15)
 Temple: D:4-7

Altars:


Innate Abilities, Weirdness & Mutations

You are small and have problems with some larger weapons.
You are somewhat resistant to further mutation.


Message History

* * * LOW HITPOINT WARNING * * *
Okay, then.
The adder skeleton misses you. The adder skeleton closely misses you.
The adder skeleton bites you but does no damage.
There is an open door here.
The orc misses you. The orc barely misses you.
You feel yourself speed up. The orc hits you with a flail.
* * * LOW HITPOINT WARNING * * *
Casting: Freeze
Confirm with . or Enter, or press ? or * to list all spells.
Aiming: Freeze
Press: ? - help, Shift-Dir - straight line, f - orc
Aim: an orc, wielding a flail You freeze the orc.
The orc is lightly wounded.
The orc hits you with a flail!
You die...

#.# ###.#######
#<........#
###.#####.###
#......†....#
#...........#
#...........#
..#...........#
#.#...@.......#
#.###o#####)### #.# #Z#
#.# #.###.#####.####
######+#..##.#....†...#
#............'Z.......#
#......?...#.#........#
#.......)#.#.#........#
#.......)#...##########


You could see an orc and an adder skeleton.

Vanquished Creatures
  An orc priest (D:3)
  An orc wizard (D:4)
  Ijyb (D:3)
  3 adders
  13 orcs
  3 giant cockroaches
  8 goblins
  5 hobgoblins
  4 jackals
  A ball python (D:3)
  6 bats
  2 frilled lizards (D:2)
  9 kobolds
  4 rats
61 creatures vanquished.

Notes
Turn   | Place    | Note
-------+----------+-------------------------------------------
     0 | D:1      | fly the Halfling Ice Elementalist began the quest for the Orb.
     0 | D:1      | Reached XP level 1. HP: 11/11 MP: 3/3
    89 | D:1      | Reached XP level 2. HP: 16/17 MP: 0/4
   939 | D:1      | Reached skill level 4 in Ice Magic
   939 | D:1      | Reached XP level 3. HP: 20/21 MP: 5/5
   972 | D:1      | Learned a level 3 spell: Ozocubu's Armour
  2232 | D:3      | Reached XP level 4. HP: 9/27 MP: 3/6
  2445 | D:3      | Noticed Ijyb
  2483 | D:3      | Killed Ijyb
  3007 | D:3      | Reached XP level 5. HP: 28/31 MP: 8/8
  3343 | D:4      | Slain by an orc

Skill      XL: |  1  2  3  4  5 |
---------------+----------------+-----
Ice Magic      | 4 |  4.7
Spellcasting   | 2 3 |  3.0
Dodging        | |  2.9
Stealth        | |  2.1
Conjurations   | |  0.7

Action                   |  1- 3 |  4- 6 || total
-------------------------+-------+-------++-------
Melee: Unarmed           |    30 |       ||    30
       Whip              |     6 |    48 ||    54
 Cast: Freeze            |    47 |    49 ||    96
 Stab: Sleeping          |     3 |     2 ||     5
  Eat: Chunk             |     5 |     4 ||     9
Armor: Robe              |    12 |    36 ||    48
Dodge: Dodged            |    65 |    99 ||   164
